 Dungeon Crawl Stone Soup version 0.30.1-4-g462c640d31 (webtiles) character file.

Game seed: 8586543563277880468

4392 Logoto the Thaumaturge (level 10, -8/78 HPs)
             Began as a Purple Draconian Fire Elementalist on Aug 17, 2023.
             Was a Follower of Qazlal.
             Killed from afar by Erica (15 damage)
             ... with a bolt of poison
             ... on level 8 of the Dungeon.
             The game lasted 00:45:20 (9106 turns).

Logoto the Thaumaturge (DrFE)                       Turns: 9106, Time: 00:45:21

Health: -8/78      AC: 15    Str: 14    XL:     10   Next: 13%
Magic:  21/22      EV: 13    Int: 17    God:    Qazlal [*.....]
Gold:   109        SH:  2    Dex: 11    Spells: 18/26 levels left

rFire   . . .        B - +2 trident (venom)
rCold   . . .        (no shield)
rNeg    + . .        (body armour unavailable)
rPois   .            (helmet restricted)
rElec   .            (no cloak)
rCorr   .            (no gloves)
SInv    .            (no boots)
Will    ++++.        q - amulet of the Four Winds {rN+ Will+++ Clar}
Stlth   ++           g - +4 ring of protection
HPRegen 0.33/turn    x - +4 ring of protection
MPRegen 0.18/turn

%: clarity
@: lethally poisoned (-8 -> -19)
A: breathe power, AC +7, unfitting armour, cold-blooded
a: Breathe Dispelling Energy, Renounce Religion


You were on level 8 of the Dungeon.
You worshipped Qazlal.
Qazlal was aware of your devotion.
You visited 2 branches of the dungeon, and saw 9 of its levels.

You collected 517 gold pieces.
You spent 408 gold pieces at shops.

Inventory:

Hand Weapons
 e - a +0 spear
 p - a +3 scythe of flaming
 B - a +2 trident of venom (weapon)
 H - a +4 quarterstaff of chaos
Missiles
 M - 2 throwing nets
Magical Staves
 w - a staff of fire
Jewellery
 g - a +4 ring of protection (left hand)
 j - a ring of protection from cold
 n - a ring of positive energy
 q - the amulet of the Four Winds (around neck) {rN+ Will+++ Clar}
   (You found it on level 2 of the Dungeon)

   [amulet of nothing]

   rN:        It protects you from negative energy.
   Clar:      It protects you from confusion, rage, mesmerisation and fear.
   Will:      It greatly increases your willpower.
 x - a +4 ring of protection (right hand)
 F - an amulet of the acrobat
Wands
 L - a wand of light (9)
Scrolls
 b - 2 scrolls of poison
 d - 3 scrolls of enchant armour
 l - 3 scrolls of immolation {unknown}
 o - 2 scrolls of magic mapping {unknown}
 r - a scroll of enchant weapon {unknown}
 s - a scroll of silence {unknown}
 t - a scroll of butterflies {unknown}
 u - a scroll of vulnerability {unknown}
 y - 2 scrolls of blinking {unknown}
 D - a scroll of amnesia {unknown}
 G - 2 scrolls of teleportation {unknown}
 J - a scroll of noise {unknown}
 K - 4 scrolls of identify
Potions
 a - 2 potions of magic
 c - 4 potions of attraction
 f - 2 potions of cancellation
 h - 2 potions of invisibility
 i - 2 potions of berserk rage
 k - a potion of haste
 m - a potion of flight
 v - 2 potions of ambrosia
 z - 5 potions of heal wounds
 A - 2 potions of brilliance
 C - a potion of lignification
 E - 2 potions of might {unknown}
 I - 3 potions of curing


   Skills:
 + Level 3.7 Fighting
 + Level 5.8 Polearms
 + Level 4.3 Dodging
 + Level 3.4 Stealth
 + Level 8.8 Spellcasting
 + Level 3.9 Conjurations
 + Level 8.7 Fire Magic


You had 18 spell levels left.
You knew the following spells:

 Your Spells              Type           Power      Damage    Failure   Level
a - Foxfire               Conj/Fire      100%       2x1d9     1%          1
b - Scorch                Fire           74%        2d8       1%          2
c - Flame Wave            Conj/Fire      29%        2d9       7%          4
d - Magic Dart            Conj           80%        1d7       1%          1

Your spell library contained the following spells:

 Spells                   Type           Power      Damage    Failure   Level
 Kiss of Death            Conj/Necr      56%        2d9       4%          1
 Inner Flame              Hex/Fire       22%        N/A       4%          3
 Volatile Blastmotes      Fire/Tloc      44%        2d13      4%          3
 Freeze                   Ice            28%        1d5       10%         1
 Hailstorm                Conj/Ice       14%        3d5       13%         3
 Call Imp                 Summ           14%        N/A       14%         2
 Ensorcelled Hibernation  Hex/Ice        14%        N/A       14%         2
 Mephitic Cloud           Conj/Pois/Air  11%        N/A       17%         3
 Confusing Touch          Hex            7%         N/A       28%         3
 Frozen Ramparts          Ice            14%        1d3       28%         3
 Spider Form              Tmut/Pois      7%         N/A       28%         3
 Anguish                  Hex/Necr       3%         N/A       67%         4
 Dispel Undead            Necr           7%         3d8       67%         4


Dungeon Overview and Level Annotations

Branches:
Dungeon (8/15)             Temple (1/1) D:5
   Lair: D:8-11

Altars:
Ashenzari
Cheibriados
Dithmenos
Elyvilon
Gozag
Hepliaklqana
Kikubaaqudgha
Makhleb
Nemelex Xobeh
Okawaru
Qazlal
Sif Muna
Trog
Uskayaw
Vehumet
Wu Jian
Xom
Yredelemnul
Zin
The Shining One

Shops:
D:3 :   D:6 ?   D:7 !

Annotations:
D:8 Erica


Innate Abilities, Weirdness & Mutations

You can breathe bolts of dispelling energy.
Your rich purple scales are hard. (AC +7)
You cannot fit into any form of body armour.
You are cold-blooded and may be slowed by cold attacks.


Message History

Erica is moderately wounded.
Erica is no longer more vulnerable to fire.
Erica hits you with a +3 scimitar of flaming.
Erica burns you. Erica attacks as you move away!
Erica hits you with a +3 scimitar of flaming!
* * * LOW HITPOINT WARNING * * *
Erica burns you.
* * * LOW HITPOINT WARNING * * *
Erica attacks as you move away!
Erica hits you with a +3 scimitar of flaming.
* * * LOW HITPOINT WARNING * * *
Erica burns you.
* * * LOW HITPOINT WARNING * * *
Erica looks angry.
Erica attacks as you move away! Erica hits you but does no damage.
Casting: Scorch (safe; 1% risk of failure)
Confirm with . or Enter, or press ? or * to list all spells.
Flames lash Erica.
Erica is heavily wounded.
Erica's fire resistance burns away.
Erica gestures at you while chanting. You resist with almost no effort.
You closely miss Erica.
Erica is heavily wounded.
Erica mumbles some strange words.
Erica flickers and vanishes!
Deactivating autopickup; reactivate with Ctrl-A.
You hear some strange, mumbled words.
A lance of force appears from out of thin air!
The lance of force hits you!
* * * LOW HITPOINT WARNING * * *
You are knocked back by the lance of force.
You see here a +0 leather armour.
There is a stone staircase leading up here.
You hear some strange, mumbled words.
A bolt of poison appears from out of thin air!
The bolt of poison hits you!
You are lethally poisoned!
You die...

#...........############
####....................
#...................))..
#.#########.############
#.# #.# #.# #.# #.###.#
#.# #.# #.....# #.# #.#
#####.#####.####.###
#.#@..{........#
#.#####.######.# #.#
#..........# #.#
#.#.######## #.###.#.#
#.....#.######
#.###.......... ###
###########


There were no monsters in sight!

Vanquished Creatures
  Pikel (D:5)
  Sigmund (D:2)
  A wyvern (D:8)
  Eustachio (D:6)
  4 yaks (D:8)
  2 steam dragons (D:7)
  3 ice beasts
  An ogre (D:5)
  A phantom (D:4)
  5 centaurs
  5 bullfrogs
  2 gnoll sergeants (D:7)
  3 scorpions
  A howler monkey (D:5)
  A jelly (D:7)
  8 orc priests
  2 hounds
  Crazy Yiuf (D:6)
  2 gnoll boudas
  6 iguanas
  3 sleepcaps
  6 orc wizards
  20 gnolls
  5 adders
  A shadow imp (D:5)
  3 white imps
  2 ufetubi (D:4)
  A worm (D:4)
  3 dart slugs
  26 orcs
  6 ball pythons
  6 bats
  7 endoplasms
  4 giant cockroaches
  10 goblins
  7 hobgoblins
  15 jackals
  4 kobolds
  4 quokkas
  2 frilled lizards
  5 rats
191 creatures vanquished.

Vanquished Creatures (others)
  An angel (D:3)
  A human (D:5)
  273 foxfires
275 creatures vanquished.

Grand Total: 466 creatures vanquished

Notes
Turn   | Place    | Note
-------+----------+-------------------------------------------
     0 | D:1      | Logoto the Draconian Fire Elementalist began the quest for
                  | the Orb.
     0 | D:1      | Reached XP level 1. HP: 14/14 MP: 3/3
   135 | D:1      | Reached XP level 2. HP: 15/20 MP: 0/5
   267 | D:1      | Learned a level 2 spell: Scorch
   677 | D:1      | Reached XP level 3. HP: 13/26 MP: 1/6
  1254 | D:2      | Found a faded altar of an unknown god.
  1397 | D:2      | Noticed Sigmund
  1640 | D:2      | Killed Sigmund
  1641 | D:2      | Reached skill level 1 in Polearms
  1641 | D:2      | Reached XP level 4. HP: 33/33 MP: 3/8
  1641 | D:2      | Reached XP level 5. HP: 38/38 MP: 3/9
  1708 | D:2      | Found the amulet of the Four Winds {rN+ Will+++ Clar}
  2150 | D:3      | Reached XP level 6. HP: 45/45 MP: 9/11
  2358 | D:3      | Found a glowing silver altar of Zin.
  2360 | D:3      | Noticed an angel
  2368 | D:3      | Found a shimmering altar of Xom.
  2421 | D:3      | Found Qifyis's Book Shop.
  3125 | D:4      | Reached skill level 1 in Fighting
  3370 | D:3      | Killed an angel
  3547 | D:3      | Reached skill level 5 in Fire Magic
  3547 | D:3      | Your scales start taking on a rich purple colour.
  3547 | D:3      | Reached skill level 5 in Spellcasting
  3547 | D:3      | Reached XP level 7. HP: 39/52 MP: 7/14
  3888 | D:5      | Entered Level 5 of the Dungeon
  3991 | D:5      | Found a burning altar of Makhleb.
  4020 | D:5      | Found a shimmering blue altar of Sif Muna.
  4101 | D:5      | Found a shadowy altar of Dithmenos.
  4673 | D:5      | Found a staircase to the Ecumenical Temple.
  4680 | Temple   | Entered the Ecumenical Temple
  4807 | Temple   | Became a worshipper of Qazlal Stormbringer
  4866 | D:5      | Reached XP level 8. HP: 48/59 MP: 17/17
  5056 | D:5      | Found a bloodstained altar of Trog.
  5075 | D:5      | Found an ancient bone altar of Kikubaaqudgha.
  5564 | D:6      | Found a runed translucent door.
  5565 | D:6      | Noticed Crazy Yiuf
  5572 | D:6      | Killed Crazy Yiuf
  5717 | D:6      | Noticed Eustachio
  5913 | D:6      | Killed Eustachio
  5994 | D:6      | Noticed Pikel
  6043 | D:5      | Killed Pikel
  6044 | D:5      | Reached XP level 9. HP: 34/68 MP: 11/19
  6205 | D:6      | Found Gehiuk's Magic Scroll Shop.
  6229 | D:6      | Bought 3 scrolls of identify for 84 gold pieces
  6714 | D:6      | Learned a level 4 spell: Flame Wave
  6721 | D:6      | Reached skill level 5 in Polearms
  6724 | D:6      | Learned a level 1 spell: Magic Dart
  6832 | D:7      | Reached * piety under Qazlal
  6938 | D:7      | Found Suakhuug's Distillery.
  7243 | D:7      | Bought 2 potions of heal wounds for 120 gold pieces
  7243 | D:7      | Bought a potion of curing for 36 gold pieces
  7243 | D:7      | Bought 2 potions of curing for 72 gold pieces
  7243 | D:7      | Bought a potion of heal wounds for 60 gold pieces
  7243 | D:7      | Bought a potion of curing for 36 gold pieces
  7412 | D:7      | Found a hazy altar of Hepliaklqana.
  7550 | D:7      | Found a white marble altar of Elyvilon.
  7555 | D:7      | Found a sparkling altar of Nemelex Xobeh.
  8271 | D:8      | Reached XP level 10. HP: 54/78 MP: 16/22
  8375 | D:8      | Found a basalt altar of Yredelemnul.
  8876 | D:8      | Reached ** piety under Qazlal
  9031 | D:8      | Noticed Erica
  9095 | D:8      | HP: 3/78 [something/lance of force (15)]
  9106 | D:8      | Killed from afar by Erica

Illustrated notes

Levels and vault maps discovered:
D:1:      roderic_octagonal_star, layout_basic, minmay_nonomino_d4
D:2:      layout_rooms, hellmonk_ecumenical_altar_prayer_group, uniq_sigmund
D:3:      layout_loops_ring, grunt_temple_overflow_order_and_chaos_1,
          serial_shops, nicolae_shop_statue_plus
D:4:      layout_gridville, kennysheep_nub
D:5:      layout_loops_ring, kennysheep_mini_moat, lemuel_blue_sif_altar,
          tgw_kikubaaqudgha, overflow_temple_1_default,
          nicolae_dithmenos_shadow_blocks, minmay_temple_entry_trees
D:6:      layout_basic, serial_shops, shop, uniq_eustachio,
          uniq_crazy_yiuf_cottage, uniq_pikel
D:7:      layout_gridville, nicolae_hepliaklqana_hippocampus, minitemple,
          serial_shops, nicolae_shop_advertising_works
          [nicolae_subvault_shop_adworks]
D:8:      layout_basic, old_standard_altar, kennysheep_mini, uniq_erica
Temple:   dpeg_three_leaves_temple

Skill      XL: |  1  2  3  4  5  6  7  8  9 |
---------------+----------------------------+-----
Stealth        | 2 3 |  3.4
Polearms       | 1 2 3 4 5 |  5.8
Dodging        | 2 3 4 |  4.3
Spellcasting   | 3 5 6 7 8 |  8.8
Fire Magic     | 4 5 7 8 |  8.7
Conjurations   | 2 3 |  3.9
Fighting       | 1 2 3 |  3.7

Action                     |  1- 3 |  4- 6 |  7- 9 | 10-12 || total
---------------------------+-------+-------+-------+-------++-------
  Melee: Spear             |    40 |       |       |       ||    40
         Tailslap          |     3 |     7 |    31 |     3 ||    44
         Halberd           |       |    54 |       |       ||    54
         Trident           |       |    22 |   214 |    26 ||   262
         Punch             |       |       |     4 |       ||     4
   Cast: Foxfire           |    34 |    30 |   103 |    27 ||   194
         Scorch            |    12 |    33 |    53 |    14 ||   112
         Flame Wave        |       |       |       |     1 ||     1
Ability: Breathe Dispellin |       |       |     1 |       ||     1
    Use: Scroll            |       |       |    14 |       ||    14
         Potion            |       |       |     2 |     3 ||     5
   Stab: Sleeping          |       |     2 |     1 |       ||     3
 Armour: Skin              |    30 |    75 |   149 |    19 ||   273
  Dodge: Dodged            |    53 |    94 |   184 |    25 ||   356
  Block: Other             |       |       |     3 |     1 ||     4
